 Dungeon Crawl Stone Soup version 0.31-a0-161-gb58dd9be76 (webtiles) character file.

Game seed: 4460920856366561459

86 IdlyInterested the Cudgeller (level 4, -1/35 HPs)
             Began as a Demonspawn Fighter on June 12, 2023.
             Succumbed to a kobold brigand's curare-tipped dart
             ... in a sewer.
             The game lasted 00:09:20 (2126 turns).

IdlyInterested the Cudgeller (Demonspawn Fighter)   Turns: 2126, Time: 00:09:21

Health: -1/35      AC: 18    Str: 18    XL:     4   Next: 26%
Magic:  4/4        EV:  9    Int:  9    God:
Gold:   4          SH:  4    Dex: 13    Spells: 3/3 levels left

rFire   + . .        a - +0 flail
rCold   . . .        c - +0 buckler
rNeg    . . .        r - +1 scale mail {rF+}
rPois   .            (no helmet)
rElec   .            (no cloak)
rCorr   .            e - +1 pair of gloves
SInv    .            (no boots)
Will    .....        (no amulet) Stlth
                     b - ring of flight
HPRegen 0.25/turn    (no ring)
MPRegen 0.09/turn

%: no passive effects
@: lethally poisoned (-1 -> -32), sanguine armoured, flying, slowed, very slow
A: ignite blood 1, sanguine armour 2
a: no special abilities


You were in a sewer.
You visited 1 branch of the dungeon, and saw 3 of its levels.
You also visited: Sewer.

You collected 165 gold pieces.
You spent 161 gold pieces at shops.

Inventory:

Hand Weapons
 a - a +0 flail (weapon)
Missiles
 h - 2 atropa-tipped darts
 i - 28 stones (quivered)
Armour
 c - a +0 buckler (worn)
 e - a +1 pair of gloves (worn)
 r - a +1 scale mail of fire resistance (worn)
Jewellery
 b - a ring of flight (left hand)
 s - a +6 ring of intelligence
Scrolls
 f - 2 scrolls of identify {unknown}
 j - a scroll of brand weapon {unknown}
 n - 2 scrolls of enchant weapon {unknown}
 o - a scroll of poison {unknown}
 p - a scroll of vulnerability {unknown}
 q - a scroll of teleportation {unknown}
 u - a scroll of noise {unknown}
Potions
 d - a potion of might
 g - 3 potions of curing {unknown}
 k - a potion of haste {unknown}
 l - a potion of ambrosia {unknown}
 m - a potion of attraction {unknown}
 t - 2 potions of mutation {unknown}


   Skills:
 - Level 3.0 Fighting
 * Level 3.5 Maces & Flails
 - Level 1.0 Throwing
 - Level 2.6 Armour
 + Level 0.0 Dodging
 - Level 1.0 Stealth
 - Level 2.6 Shields
 - Level 1.0 Evocations


You had 3 spell levels left.
You didn't know any spells.
Your spell library contained the following spells:

 Spells                   Type           Power      Damage    Failure   Level
 Borgnjor's Revivificati  Necr           0%         N/A       100%        8
 Necromutation            Tmut/Necr      0%         N/A       100%        8
 Death's Door             Necr           0%         N/A       100%        9


Dungeon Overview and Level Annotations

Branches:
Dungeon (3/15)              Sewer (1/1)

Altars:
Wu Jian

Shops:
D:2 *[(?!


Innate Abilities, Weirdness & Mutations

Your demonic aura sometimes causes spilled blood to erupt in flames.
When seriously injured, your blood forms thick armour. (AC +9)


Message History

There is an empty arch of ancient stone here.
There is a gate leading back out of this place here.
You start resting.
HP restored.
There is a gate leading back out of this place here.
There is an empty arch of ancient stone here.
Things that are here:
a rat corpse; a river rat corpse
Found a gate leading back out of this place.
A jackal comes into view.
The jackal barks!
A kobold comes into view. It is wielding a +0 dagger.
A kobold brigand and a kobold come into view.
The kobold brigand is wielding a +0 short sword and quivering curare-tipped darts.
The kobold brigand shouts!
The kobold shouts! x2; You hear a shout!
A kobold comes into view. It is wielding a +0 club.
The kobold shouts!
A kobold comes into view. It is wielding a +0 dagger.
The kobold moves out of view.
The jackal barely misses you.
The kobold brigand throws a curare-tipped dart.
The curare-tipped dart hits you.
You are poisoned.
You have difficulty breathing.
You feel yourself slow down.
You sock the jackal!
You kill the jackal!
You feel extremely sick.
The kobold brigand throws a curare-tipped dart.
The curare-tipped dart hits you.
You are lethally poisoned!
You have difficulty breathing.
Your blood congeals into armour.
You feel as though you will be slow longer.
You feel extremely sick.
The kobold brigand throws a curare-tipped dart.
The curare-tipped dart hits you.
You are more poisoned.
You have difficulty breathing.
* * * LOW HITPOINT WARNING * * *
You feel as though you will be slow longer.
You die...

#∩ ############ ##
##.###.~...~~~..# .##
.......~.~~~~~~.#...#
~~~~~~~~~~~≈≈≈~~#K...
≈≈≈≈≈≈≈≈≈≈≈≈≈≈~.KK.
~~~≈~~~~~~~≈≈≈KK#
...~...~~.~~~~~~#
#.~~~~~~~@.#
##~######### #~# #~#
#~# #~# #~# #~# #~#


You could see a kobold brigand and 3 kobolds.

Vanquished Creatures
  2 adders
  2 river rats (Sewer)
  2 dart slugs
  3 orcs (D:3)
  4 endoplasms
  2 giant cockroaches
  3 goblins
  3 hobgoblins
  4 jackals
  3 quokkas
  4 ball pythons
  3 kobolds (D:1)
  5 rats
40 creatures vanquished.

Notes
Turn   | Place    | Note
-------+----------+-------------------------------------------
     0 | D:1      | IdlyInterested the Demonspawn Fighter began the quest for
                  | the Orb.
     0 | D:1      | Reached XP level 1. HP: 18/18 MP: 1/1
   141 | D:1      | Gained mutation: When seriously injured, your blood forms
                  | armour. (AC +9) [demonic ancestry]
   141 | D:1      | Reached XP level 2. HP: 22/24 MP: 2/2
   456 | D:1      | Reached skill level 1 in Throwing
   855 | D:2      | Found Risorass's Antique Armour Emporium.
   913 | D:2      | Found Ylu Hiump's General Store.
   975 | D:2      | Found Wuidy's Weapon Boutique.
   975 | D:2      | Found Izxaosis's Magic Scroll Shoppe.
  1139 | D:2      | Gained mutation: Your demonic aura sometimes causes spilled
                  | blood to erupt in flames. [demonic ancestry]
  1139 | D:2      | Reached XP level 3. HP: 29/29 MP: 3/3
  1278 | D:2      | Found a faded altar of an unknown god.
  1389 | D:2      | Found Xemp's Distillery.
  1531 | D:2      | Found an ornate altar of the Wu Jian Council.
  1566 | D:2      | Reached skill level 1 in Evocations
  1820 | D:2      | Bought a shiny scale mail for 161 gold pieces
  2029 | D:3      | Found a glowing drain.
  2040 | Sewer    | Entered a sewer
  2050 | Sewer    | Gained mutation: When seriously injured, your blood forms
                  | thick armour. (AC +9) [demonic ancestry]
  2050 | Sewer    | Reached XP level 4. HP: 32/35 MP: 4/4
  2054 | Sewer    | Reached skill level 1 in Stealth
  2121 | Sewer    | Noticed a kobold brigand
  2126 | Sewer    | Succumbed to a kobold brigand's curare-tipped dart

Illustrated notes

Levels and vault maps discovered:
D:1:      lightli_arrival_flooded_house, layout_basic, lemuel_flame_loot_1
D:2:      layout_basic, basic_altar, serial_shops, nicolae_shop_tiny_glass,
          shop, shop, nicolae_shop_hallway_stairs,
          nicolae_shop_industrial_runoff,
          hellmonk_ecumenical_altar_leap_of_faith, nicolae_titane
D:3:      layout_rooms, portal_sewer_entry_d, hangedman_decor_slide_cut
Sewer:    sewer_kobolds

Skill      XL: |  1  2  3  4 |
---------------+-------------+-----
Maces & Flails | 2 3 |  3.5
Throwing       | 1 |  1.0
Evocations     | 1 |  1.0
Stealth        | 1 |  1.0
Fighting       | |  3.0
Armour         | |  2.6
Shields        | |  2.6

Action                     |  1- 3 |  4- 6 || total
---------------------------+-------+-------++-------
  Melee: Flail             |   128 |     6 ||   134
 Armour: Scale mail        |    68 |     1 ||    69
         Chain mail        |    25 |       ||    25
  Dodge: Dodged            |    65 |     3 ||    68
  Block: Buckler           |    35 |       ||    35

Table legend: (Time is in decaauts)
 A = Elapsed time spent in this place.
 B = Non-inter-level travel time spent in this place.
 C = Inter-level travel time spent in this place.
 D = Time resting spent in this place.
 E = Time spent auto-exploring this place.
 F = Levels seen in this place.
 G = Mean time per level.
                   A        B        C        D        E       F      G
               +--------+--------+--------+--------+--------+-----+--------+
         Total |   2169 |   1841 |    328 |     33 |   1175 |   4 |  542.2 |
       Dungeon |   2078 |   1750 |    328 |      9 |   1144 |   3 |  692.7 |
         Sewer |     90 |     90 |      0 |     24 |     31 |   1 |   90.0 |
               +--------+--------+--------+--------+--------+-----+--------+

Top non-repeatable levels by time:
     D:1: 1004 daAuts
     D:2: 917 daAuts
     D:3: 156 daAuts
   Sewer: 90 daAuts
